 Dungeon Crawl Stone Soup version 0.21.1-1-g345015f (webtiles) character file.

27 letownia2 the Poker (level 3, -1/27 HPs)
             Began as a Merfolk Gladiator on Feb 13, 2018.
             Was an Initiate of Qazlal.
             Slain by an orc wizard
             ... wielding a +0 dagger
              (2 damage)
             ... on level 4 of the Dungeon.
             The game lasted 00:04:58 (776 turns).

letownia2 the Poker (Merfolk Gladiator)              Turns: 776, Time: 00:04:58

Health: -1/27      AC:  4    Str: 14    XL:     3   Next: 10%
Magic:  3/3        EV: 14    Int:  8    God:    Qazlal [......]
Gold:   30         SH:  0    Dex: 15    Spells: 2/2 levels left

rFire    . . .     SeeInvis .   a - +0 trident
rCold    . . .     Gourm    .   (no shield)
rNeg     . . .     Faith    .   b - +0 leather armour
rPois    .         Spirit   .   c - +0 helmet
rElec    .         Reflect  .   (no cloak)
rCorr    .         Harm     .   (no gloves)
MR       .....                  (no boots)
Stlth    +.........             (no amulet)
HPRegen  0.09/turn              (no ring)
MPRegen  0.08/turn              (no ring)

@: no status effects
A: change form in water, swift swim, stealthy swim
a: Renounce Religion


You were on level 4 of the Dungeon.
You worshipped Qazlal.
Qazlal was noncommittal.
You were not hungry.

You visited 1 branch of the dungeon, and saw 4 of its levels.

You collected 30 gold pieces.

Inventory:

Hand Weapons
 a - a +0 trident (weapon)
 j - a +0 hunting sling
Missiles
 d - 3 throwing nets (quivered)
 k - 27 bolts
 o - 8 javelins
Armour
 b - a +0 leather armour (worn)
 c - a +0 helmet (worn)
 h - a +0 ring mail
Scrolls
 g - 2 scrolls of enchant armour {unknown}
 p - a scroll of identify {unknown}
Potions
 e - a potion of curing {unknown}
 i - a potion of brilliance {unknown}
 l - a potion of berserk rage {unknown}
 m - a potion of mutation {unknown}
 n - a potion of might {unknown}
Comestibles
 f - 6 rations


   Skills:
 - Level 2.1 Fighting
 + Level 6.1 Polearms
 - Level 2.0 Throwing
 - Level 4.0 Dodging


You had 2 spell levels left.
You didn't know any spells.

Dungeon Overview and Level Annotations

Branches:
Dungeon (4/15)
 Temple: D:4-7

Altars:
Ashenzari
Okawaru
Qazlal
Sif Muna
Yredelemnul


Message History

Press: ? - help, Dir - move target cursor, f - orc
Aim: an orc, wearing a leather armour You reach to attack!
You puncture the orc!
You kill the orc!
Qazlal accepts your kill.
The orc wizard gestures at you while chanting.
The puff of flame misses you. The orc wizard casts a spell at you.
The puff of flame hits you!
Things that are here:
a leather armour; an orc corpse You miss the orc wizard.
The orc wizard hits you with a dagger.
You are too injured to fight recklessly!
You are too injured to fight recklessly!
You closely miss the orc wizard.
The orc wizard gestures at you while chanting.
The magic dart hits you!
* * * LOW HITPOINT WARNING * * *
You closely miss the orc wizard. The orc wizard hits you with a dagger.
You die...

# .#
#####.###
#........
####<..#.###
+...........
####@....###
#o>#### #.##
#.. #.# #.#
#.# #.#


You could see an orc wizard.

Vanquished Creatures
  A worm (D:2)
  A leopard gecko (D:2)
  2 orcs (D:4)
  3 goblins
  3 hobgoblins
  A quokka (D:2)
  A bat (D:3)
  4 frilled lizards
  2 kobolds
  4 rats
22 creatures vanquished.

Notes
Turn   | Place    | Note
-------+----------+-------------------------------------------
     0 | D:1      | letownia2 the Merfolk Gladiator began the quest for the Orb.
     0 | D:1      | Reached XP level 1. HP: 16/16 MP: 1/1
   114 | D:2      | Found a shattered altar of Ashenzari.
   117 | D:2      | Reached skill level 5 in Polearms
   121 | D:2      | Reached XP level 2. HP: 17/22 MP: 2/2
   152 | D:2      | Found a basalt altar of Yredelemnul.
   220 | D:2      | Found an iron altar of Okawaru.
   220 | D:2      | Found a faded altar of an unknown god.
   225 | D:2      | Found a faded altar of an unknown god.
   227 | D:2      | Found a deep blue altar of Sif Muna.
   228 | D:2      | Found a stormy altar of Qazlal.
   241 | D:2      | Became a worshipper of Qazlal Stormbringer
   364 | D:2      | Found a faded altar of an unknown god.
   612 | D:4      | Noticed a phantom
   766 | D:4      | Reached skill level 6 in Polearms
   766 | D:4      | Reached XP level 3. HP: 18/27 MP: 3/3
   775 | D:4      | HP: 1/27 [orc wizard/magic dart (10)]
   776 | D:4      | Slain by an orc wizard

Skill      XL: |  1  2 |
---------------+-------+-----
Polearms       | 5 6 |  6.1
Fighting       | |  2.1
Throwing       | |  2.0
Dodging        | |  4.0

Action                   || total
-------------------------++-------
Melee: Trident           ||    74
 Stab: Sleeping          ||     1
Armor: Leather armour    ||     6
Dodge: Dodged            ||    37
